 Dungeon Crawl Stone Soup version 0.27-a0-448-gace5c5693b (webtiles) character file.

Game seed: 18036330629576257663

33 Demosthentine the Poker (level 3, -6/28 HPs)
             Began as a Merfolk Gladiator on Feb 28, 2021.
             Killed by nerve-wracking pain
             ... invoked by Jessica
              (12 damage)
             ... on level 2 of the Dungeon.
             The game lasted 00:00:53 (1112 turns).

Demosthentine the Poker (Merfolk Gladiator)         Turns: 1112, Time: 00:00:54

Health: -6/28      AC:  4    Str: 15    XL:     3   Next: 29%
Magic:  3/3        EV: 14    Int:  7    God:
Gold:   49         SH:  0    Dex: 15    Spells: 2/2 levels left

rFire    . . .     SeeInvis .   a - +0 trident
rCold    . . .     Faith    .   (no shield)
rNeg     . . .     Spirit   .   b - +0 leather armour
rPois    .         Reflect  .   c - +0 helmet
rElec    .         Harm     .   (no cloak)
rCorr    .         Rampage  .   (no gloves)
Will     .....                  (no boots)
Stlth    +.........             e - amulet of regeneration
HPRegen  1.09/turn              (no ring)
MPRegen  0.08/turn              (no ring)

@: no status effects
A: change form in water, swift swim, stealthy swim
a: no special abilities


You were on level 2 of the Dungeon.
You visited 1 branch of the dungeon, and saw 2 of its levels.

You collected 49 gold pieces.

Inventory:

Hand Weapons
 a - a +0 trident (weapon)
Missiles
 d - 3 throwing nets (quivered)
Armour
 b - a +0 leather armour (worn)
 c - a +0 helmet (worn)
Jewellery
 e - an amulet of regeneration (around neck)
Scrolls
 f - 2 scrolls of identify
Potions
 g - a potion of magic {unknown}
 h - a potion of heal wounds {unknown}
 i - a potion of brilliance {unknown}
 j - a potion of curing {unknown}


   Skills:
 + Level 2.7 Fighting
 + Level 4.9 Polearms
 - Level 2.0 Throwing
 + Level 0.8 Armour
 + Level 4.5 Dodging


You had 2 spell levels left.
You didn't know any spells.
Your spell library was empty.

Dungeon Overview and Level Annotations

Branches:
Dungeon (2/15)

Altars:

Annotations:
D:2 Jessica


Message History

Jessica barely misses you.
You barely miss Jessica.
Jessica is lightly wounded.
Jessica hits you with a +5 club. Jessica closely misses you.
You hit Jessica.
Jessica is moderately wounded.
Jessica hits you with a +5 club.
You barely miss Jessica.
Jessica is moderately wounded.
Jessica casts a spell.
Jessica blinks!
You barely miss Jessica.
Jessica is moderately wounded.
Jessica mumbles some strange words.
Jessica blinks!
Jessica points at you and mumbles some strange words.
Pain shoots through your body!
You are too injured to fight recklessly!
You are too injured to fight recklessly!
You are too injured to fight recklessly!
You are too injured to fight recklessly!
Reach: a) +0 trident
Press: ? - help, Dir - move target, f/p - Jessica
Aim: Jessica, wielding a +5 club and wearing a +0 robe (moderately wounded, fast, about 40% to evade your +0 trident)
You reach to attack!
You hit Jessica but do no damage.
Jessica is moderately wounded.
Jessica closely misses you.
You closely miss Jessica.
Jessica is moderately wounded.
Jessica hits you with a +5 club.
You barely miss Jessica.
Jessica is moderately wounded.
Jessica barely misses you. Jessica hits you with a +5 club.
* * * LOW HITPOINT WARNING * * *
You hit Jessica but do no damage.
Jessica is moderately wounded.
Jessica is no longer moving quickly.
Jessica points at you and mumbles some strange words.
Pain shoots through your body!
You die...

#. ##### ##.#### #...#
......# #...# ......#
######...##
.....##+#........'.
..........####...##
##########......####...##
........@@.........#...##
##########.....###+#####†
......................
........!.............
......................
......................
......................
#######...######....#.
................


You could see Jessica.

Vanquished Creatures
  2 worms (D:2)
  A dart slug (D:1)
  3 giant cockroaches (D:1)
  5 goblins
  3 hobgoblins
  A ball python (D:2)
  2 bats
  3 frilled lizards
  2 kobolds (D:1)
  4 rats
26 creatures vanquished.

Notes
Turn   | Place    | Note
-------+----------+-------------------------------------------
     0 | D:1      | Demosthentine the Merfolk Gladiator began the quest for the
                  | Orb.
     0 | D:1      | Reached XP level 1. HP: 16/16 MP: 1/1
   132 | D:1      | Reached XP level 2. HP: 23/23 MP: 2/2
   949 | D:2      | Reached XP level 3. HP: 28/28 MP: 3/3
  1078 | D:2      | Noticed Jessica
  1112 | D:2      | Killed from afar by Jessica

Illustrated notes

Levels and vault maps discovered:
D:1:      lemuel_arrival_rhombus, layout_basic,
          wander_ebering_terrifying_dragon_lair
D:2:      layout_basic, lemuel_crystal_altar, minmay_tall_x, uniq_terence,
          uniq_jessica

Action                   || total
-------------------------++-------
Melee: Trident           ||   101
  Use: Scroll            ||     2
 Stab: Sleeping          ||     3
Armor: Leather armour    ||    12
Dodge: Dodged            ||    46

Table legend: (Time is in decaauts)
 A = Elapsed time spent in this place.
 B = Non-inter-level travel time spent in this place.
 C = Inter-level travel time spent in this place.
 D = Time resting spent in this place.
 E = Time spent auto-exploring this place.
 F = Levels seen in this place.
 G = Mean time per level.
                   A        B        C        D        E       F      G
               +--------+--------+--------+--------+--------+-----+--------+
         Total |   1117 |   1075 |     42 |    114 |    771 |   2 |  558.5 |
       Dungeon |   1117 |   1075 |     42 |    114 |    771 |   2 |  558.5 |
               +--------+--------+--------+--------+--------+-----+--------+

Top non-repeatable levels by time:
     D:1: 793 daAuts
     D:2: 324 daAuts
